 Dungeon Crawl Stone Soup version 0.25-a0-558-g78a2afb0af (webtiles) character file.

Game seed: 3875508041085406753, levelgen mode: classic

14284 EnegeticOcto the Demolition Dwarf (level 11, 31/104 HPs)
             Began as a Deep Dwarf Fighter on Feb 24, 2020.
             Was an Elder of Makhleb.
             Quit the game on level 2 of the Lair of Beasts.
             The game lasted 00:06:01 (8070 turns).

EnegeticOcto the Demolition Dwarf (DDFi)            Turns: 8070, Time: 00:06:02

Health: 31/104     AC: 14    Str: 23    XL:     11   Next: 86%
Magic:  0/0        EV: 10    Int:  9    God:    Makhleb [****..]
Gold:   452        SH: 11    Dex: 12    Spells: 10/10 levels left

rFire    . . .     SeeInvis .   a - +1 war axe (elec)
rCold    . . .     Gourm    .   c - +0 kite shield
rNeg     . . .     Faith    +   s - +0 chain mail
rPois    +         Spirit   .   z - +1 helmet
rElec    .         Reflect  .   (no cloak)
rCorr    .         Harm     .   (no gloves)
MR       +....                  u - +0 pair of boots
Stlth    ..........             x - amulet of faith
HPRegen  0.00/turn              f - ring of poison resistance
MPRegen  0.07/turn              (no ring)

@: non-regenerating, very slow
A: damage resistance, heal wounds, sense surroundings 2, no regeneration
a: Heal Wounds, Minor Destruction, Lesser Servant of Makhleb, Major Destruction,
Renounce Religion


You were on level 2 of the Lair of Beasts.
You worshipped Makhleb.
Makhleb was greatly pleased with you.
You were not hungry.

You visited 3 branches of the dungeon, and saw 14 of its levels.
You also visited: Ossuary.

You collected 704 gold pieces.
You spent 252 gold pieces at shops.

Inventory:

Hand Weapons
 a - a +1 war axe of electrocution (weapon)
 b - a +1 war axe of flaming
Missiles
 o - 6 throwing nets (quivered)
Armour
 c - a +0 kite shield (worn)
 s - a +0 chain mail (worn)
 u - a +0 pair of boots (worn)
 z - a +1 helmet (worn)
Jewellery
 f - a ring of poison resistance (left hand)
 x - an amulet of faith (around neck)
Wands
 t - a wand of flame (15)
 A - a wand of clouds (6)
 B - a wand of polymorph (8)
 E - a wand of iceblast (9)
Scrolls
 d - 5 scrolls of remove curse {@r6}
 i - a scroll of noise {unknown}
 m - 4 scrolls of enchant weapon
 p - 6 scrolls of identify {@r1}
 q - 4 scrolls of teleportation {@r2}
 v - a scroll of silence
 y - a scroll of brand weapon
 C - a scroll of random uselessness {unknown}
Potions
 g - 2 potions of lignification {@q7}
 h - 4 potions of flight
 j - 2 potions of stabbing {@q5}
 k - 6 potions of might {@q3}
 l - 10 potions of curing {@q1}
 n - 2 potions of haste {@q4}
 r - 2 potions of ambrosia
 w - 2 potions of invisibility
Comestibles
 e - 20 rations
 D - 8 chunks of flesh


   Skills:
 * Level 8.9 Fighting
 * Level 10.3 Axes
 + Level 7.9 Armour
 + Level 7.1 Dodging
 + Level 7.9 Shields
 * Level 11.4 Invocations


You had 10 spell levels left.
You didn't know any spells.
Your spell library was empty.

Dungeon Overview and Level Annotations

Branches:
Dungeon (11/15)            Temple (1/1) D:4            Lair (2/6) D:11
Ossuary (visited)
  Swamp: Lair:2-4    Shoals: Lair:2-4     Snake: Lair:2-4    Spider: Lair:2-4
    Orc: D:9-12

Altars:
Ashenzari
Cheibriados
Dithmenos
Elyvilon
Fedhas
Gozag
Kikubaaqudgha
Makhleb
Nemelex Xobeh
Okawaru
Qazlal
Ru
Sif Muna
Trog
Uskayaw
Vehumet
Wu Jian
Xom
Yredelemnul
Zin
The Shining One

Shops:
D:7 !   D:10 !((


Innate Abilities, Weirdness & Mutations

You are resistant to damage.
You can heal yourself by infusing magical energy.
You passively map the area around you.
You do not regenerate.


Message History

The bolt of electricity hits you.
The water moccasin bites you but does no damage.
The blink frog blinks!
You miss the water moccasin.
The water moccasin is severely wounded.
You slash the blink frog!
The blink frog hits you but does no damage.
The water moccasin barely misses you.
The electric eel shoots out a bolt of lightning at you!
The bolt of electricity hits you.
The blink frog blinks!
You miss the water moccasin.
The water moccasin is severely wounded.
The water moccasin bites you but does no damage.
The blink frog blinks!
The blink frog hits you! x2
You are too injured to fight recklessly!
You are too injured to fight recklessly!
You are too injured to fight recklessly!
You are too injured to fight recklessly!
You are too injured to fight recklessly!
You are too injured to fight recklessly!
You are too injured to fight recklessly!
You are too injured to fight recklessly!
You are too injured to fight recklessly!
You are too injured to fight recklessly!
You are too injured to fight recklessly!
You are too injured to fight recklessly!
You are too injured to fight recklessly!
You are too injured to fight recklessly!
The electric eel shoots out a bolt of lightning at you!
The bolt of electricity hits you.
* * * LOW HITPOINT WARNING * * *
The blink frog hits you.
* * * LOW HITPOINT WARNING * * *
You block the water moccasin's attack.
The blink frog blinks!
You slash the electric eel!
The electric eel is severely wounded.
You barely miss the blink frog.
The blink frog blinks!
You block the blink frog's attack.
You miss the electric eel.
The electric eel is severely wounded.
You closely miss the blink frog. You miss the water moccasin.
The water moccasin barely misses you. x2
You completely miss the electric eel.
The electric eel is severely wounded.
You hit the water moccasin. You closely miss the blink frog.
You hit the blink frog. You block the blink frog's attack. x2
The water moccasin bites you but does no damage.
The blink frog hits you but does no damage.
You closely miss the electric eel.
The electric eel is severely wounded.
You hit the water moccasin but do no damage.
Lightning courses through the water moccasin!
You kill the water moccasin!
Makhleb accepts your kill.
You feel better.
You slash the blink frog!
Lightning courses through the blink frog!
You kill the blink frog!
Makhleb accepts your kill.
You feel better.
You barely miss the blink frog.
The blink frog blinks!
The electric eel shoots out a bolt of lightning at you!
The bolt of electricity hits you but does no damage.
You slash the electric eel!
You kill the electric eel!
Makhleb accepts your kill.
You hear a splash.
You miss the blink frog. You hit the blink frog.
Lightning courses through the blink frog!
The blink frog closely misses you.
The blink frog blinks!
The blink frog hits you!
* * * LOW HITPOINT WARNING * * *
The blink frog hits you but does no damage.
The blink frog blinks!
You enter the shallow water.
Moving in this stuff is going to be slow.
You block the blink frog's attack.
The blink frog hits you but does no damage.
The blink frog blinks!
The blink frog hits you but does no damage.
You see here an electric eel corpse.
Why would you want to do that? Why would you want to do that?
Why would you want to do that? Why would you want to do that?
Why would you want to do that? Why would you want to do that?
Why would you want to do that? Why would you want to do that?
Why would you want to do that? Why would you want to do that?
Why would you want to do that? Why would you want to do that?
Why would you want to do that? Why would you want to do that?
Why would you want to do that? Why would you want to do that?
Why would you want to do that? Why would you want to do that?
Why would you want to do that?
Are you sure you want to abandon this character and quit the game? (Confirm with "yes".)

.................# *, , *
.................# , #
..............F..# .#
.................### ..#
...................##.§.#.#
....................†.....#
................†#†F..§....
................F.##......#
≈≈P.....≈≈≈≈≈≈≈≈@..##......
≈≈......≈######≈≈.##,###...
≈≈≈..)..≈# #≈≈..# ,.. *
≈≈#.§...≈## ≈≈≈.... .,
§≈≈..†..≈≈#*##≈≈≈.....
≈≈≈.....≈≈#≈≈##≈≈....... *
≈≈......≈≈≈≈≈≈≈≈≈.##.### ,*
P#......≈≈≈≈≈ ≈≈≈.. ## *
............. ** , ,,


You could see 3 blink frogs.

Vanquished Creatures
  Harold (D:7)
  A hydra (D:11)
  2 two-headed ogres (D:8)
  Nergalle (D:11)
  An unseen horror (D:10)
  Joseph (D:7)
  A molten gargoyle (Lair:2)
  A centaur skeleton (D:9)
  A gargoyle (D:10)
  Maggie (D:8)
  2 spiny frogs (Lair:2)
  A komodo dragon (Lair:2)
  3 trolls
  2 hippogriffs
  A blink frog (Lair:2)
  8 yaks
  2 wraiths
  A fire elemental (Lair:2)
  2 basilisks (Lair:1)
  7 water moccasins
  An orc warrior (D:11)
  2 phantoms
  2 black bears
  3 ice beasts
  6 sky beasts
  8 ogres
  3 centaurs
  A crocodile (Lair:1)
  5 bullfrogs
  A wyvern skeleton (D:7)
  4 scorpions
  3 electric eels
  7 wights
  A lava snake (Lair:2)
  5 crimson imps
  A bullfrog zombie (D:8)
  A centaur zombie (D:9)
  5 hounds
  2 jellies
  2 bullfrog skeletons
  3 orc priests
  An iguana (D:4)
  9 worker ants
  5 orc wizards
  A killer bee zombie (D:10)
  A hound zombie (D:6)
  2 hound skeletons
  3 mummies (Ossuary)
  Robin (D:2)
  8 gnolls
  9 adders
  2 shadow imps
  An ooze (D:2)
  An adder skeleton (D:8)
  A worm (D:5)
  A dart slug (D:1)
  3 leopard geckos
  19 orcs
  3 bats (D:1)
  A giant cockroach (D:2)
  11 goblins
  8 hobgoblins
  9 jackals
  5 quokkas
  2 ball pythons
  4 frilled lizards
  3 goblin zombies (Ossuary)
  A hobgoblin zombie (Ossuary)
  A jackal zombie (D:9)
  7 kobolds
  3 kobold zombies (Ossuary)
  2 rats (D:1)
  A bush (Lair:2)
  2 fungi
  A plant (Lair:2)
238 creatures vanquished.

Notes
Turn   | Place    | Note
-------+----------+-------------------------------------------
     0 | D:1      | EnegeticOcto the Deep Dwarf Fighter began the quest for the
                  | Orb.
     0 | D:1      | Reached XP level 1. HP: 20/20 MP: 1/1
    32 | D:1      | Reached XP level 2. HP: 24/27 MP: 2/2
   271 | D:2      | Noticed Robin
   283 | D:2      | Killed Robin
   283 | D:2      | Reached XP level 3. HP: 20/34 MP: 3/3
   283 | D:2      | Reached skill level 1 in Dodging
   398 | D:2      | Reached XP level 4. HP: 42/42 MP: 4/4
   512 | D:4      | Found a staircase to the Ecumenical Temple.
   521 | Temple   | Entered the Ecumenical Temple
   617 | Temple   | Became a worshipper of Makhleb the Destroyer
   711 | D:4      | Reached XP level 5. HP: 33/49 MP: 5/5
   730 | D:4      | Reached skill level 1 in Invocations
   794 | D:4      | Noticed a phantom
   830 | D:4      | Noticed an ogre
   832 | D:4      | Killed a phantom
   832 | D:4      | Reached skill level 2 in Invocations
   832 | D:4      | Reached XP level 6. HP: 46/57 MP: 6/6
  1094 | D:5      | Entered Level 5 of the Dungeon
  1106 | D:5      | Noticed a sky beast
  1121 | D:5      | Killed a sky beast
  1121 | D:5      | Reached skill level 3 in Invocations
  1235 | D:5      | Noticed an ice beast
  1256 | D:5      | Killed an ice beast
  1256 | D:5      | Reached XP level 7. HP: 44/66 MP: 5/5
  1259 | D:5      | Reached * piety under Makhleb
  1962 | D:6      | Found a sand-covered staircase.
  1973 | Ossuary  | Entered an ossuary
  1973 | Ossuary  | Noticed a wraith
  1973 | Ossuary  | Noticed a wraith
  1973 | Ossuary  | Noticed a wraith
  2087 | Ossuary  | Noticed a wraith
  2103 | Ossuary  | Killed a wraith
  2103 | Ossuary  | Reached skill level 5 in Axes
  2103 | Ossuary  | Reached skill level 4 in Invocations
  2367 | D:6      | Found an opulent altar of Gozag.
  2445 | D:6      | Reached XP level 8. HP: 70/73 MP: 6/6
  2457 | D:6      | Reached skill level 5 in Fighting
  2608 | D:6      | Found a hide-covered altar of Uskayaw.
  2634 | D:6      | Reached skill level 5 in Invocations
  2658 | D:6      | Reached skill level 5 in Shields
  2719 | D:6      | Reached skill level 5 in Armour
  2935 | D:7      | Noticed Harold
  2946 | D:7      | Reached ** piety under Makhleb
  2966 | D:7      | Killed Harold
  2966 | D:7      | Reached skill level 6 in Invocations
  2966 | D:7      | Gained mutation: You passively map the area around you.
                  | [Deep Dwarf growth]
  2966 | D:7      | Reached XP level 9. HP: 77/82 MP: 6/8
  2992 | D:7      | Found Elamel's Distillery.
  2999 | D:7      | Bought a potion of might for 56 gold pieces
  2999 | D:7      | Bought a potion of might for 56 gold pieces
  3175 | D:7      | Reached skill level 7 in Invocations
  3329 | D:7      | Noticed Joseph
  3342 | D:7      | Killed Joseph
  3391 | D:7      | Reached skill level 5 in Dodging
  3899 | D:8      | Noticed a two-headed ogre
  3914 | D:8      | Killed a two-headed ogre
  3914 | D:8      | Reached skill level 8 in Invocations
  3914 | D:8      | Reached XP level 10. HP: 80/92 MP: 6/8
  4112 | D:8      | Noticed Maggie
  4133 | D:8      | Killed Maggie
  4311 | D:8      | Noticed a two-headed ogre
  4319 | D:8      | Killed a two-headed ogre
  4319 | D:8      | Reached skill level 9 in Invocations
  4622 | D:9      | Found a white marble altar of Elyvilon.
  4736 | D:9      | Found a shimmering altar of Xom.
  4812 | D:9      | Reached *** piety under Makhleb
  5339 | D:9      | Found an ornate altar of the Wu Jian Council.
  5516 | D:10     | Entered Level 10 of the Dungeon
  5562 | D:10     | Found Zedghuxe's Weapon Shoppe.
  5645 | D:10     | Noticed a gargoyle
  5659 | D:10     | Killed a gargoyle
  5659 | D:10     | Reached skill level 10 in Invocations
  5721 | D:10     | Reached XP level 11. HP: 58/103 MP: 8/8
  5842 | D:10     | Found Qugyvar's Distillery.
  5859 | D:10     | Bought a potion of haste for 140 gold pieces
  5876 | D:10     | Identified the +1 ring mail "Axziacimp" {rElec Str+3 Dex+9}
  5889 | D:10     | Reached **** piety under Makhleb
  6097 | D:10     | Killed an unseen horror
  6142 | D:10     | Found Vuajiat's Antique Weapon Emporium.
  6287 | D:11     | Noticed a five-headed hydra
  6299 | D:11     | Killed a four-headed hydra
  6782 | D:11     | Found a staircase to the Lair.
  6964 | D:11     | Noticed Nergalle
  6986 | D:11     | Killed Nergalle
  7227 | Lair:1   | Entered Level 1 of the Lair of Beasts
  7305 | Lair:1   | Reached skill level 11 in Invocations
  7903 | Lair:2   | Reached skill level 10 in Axes
  8070 | Lair:2   | Quit the game

Levels and vault maps discovered:
D:1:      lemuel_arrival_lava_pool, layout_loops_cross
D:2:      layout_basic, lemuel_round_altar, uniq_robin, uniq_jessica
D:3:      layout_basic, first_ration, palyth_stone_intersect
D:4:      layout_cave_pools, minmay_temple_entry_crystal_x, serial_bayou_pond_d
D:5:      cheibrodos_helix_gallery, layout_basic, minmay_fractal_squares_5
D:6:      layout_basic, nicolae_gozag_seed_capital,
          nicolae_ossuary_entry_monument, basic_altar, eino_curves_02
D:7:      layout_loops_ring, serial_shops, nicolae_shop_trees,
          kennysheep_generic_room_2, uniq_harold, uniq_joseph
D:8:      layout_loops_ring, uniq_maggie
D:9:      layout_gridville, nicolae_overflow_hidden_temple, grunt_ogre_cave
D:10:     layout_basic, serial_shops, shop,
          nicolae_shop_temple_entry_statues_fountains, shop
D:11:     layout_stronghold, lair_entry_dummy, uniq_nergalle
Temple:   minmay_temple_bridge_d
Lair:1:   layout_roguey
Lair:2:   layout_gridlike, guppyfry_snake_entry_island, uniq_sonja, uniq_urug

Skill      XL: |  1  2  3  4  5  6  7  8  9 10 11 |
---------------+----------------------------------+-----
Fighting       | 3 4 5 6 7 8 |  8.9
Dodging        | 1 2 3 4 5 6 7 |  7.1
Axes           | 3 4 5 6 7 9 10 | 10.3
Invocations    | 2 3 4 6 8 10 11 | 11.4
Shields        | 4 5 6 7 |  7.9
Armour         | 4 5 6 7 |  7.9

Action                   |  1- 3 |  4- 6 |  7- 9 | 10-12 || total
-------------------------+-------+-------+-------+-------++-------
Melee: War axe           |   115 |   140 |   275 |   467 ||   997
 Abil: Heal Wounds       |     2 |     7 |    11 |    31 ||    51
Evoke: Phantom mirror    |       |       |       |     1 ||     1
  Use: Scroll            |       |     6 |    10 |     5 ||    21
  Eat: Chunk             |       |     2 |     4 |     9 ||    15
       Ration            |       |       |     1 |     2 ||     3
Armor: Scale mail        |    58 |    68 |     9 |       ||   135
       Chain mail        |       |       |    98 |   225 ||   323
Dodge: Dodged            |    41 |    48 |    84 |   160 ||   333
Block: Kite shield       |    71 |    80 |   143 |   251 ||   545

Table legend:
 A = Non-vault XP
 B = Vault XP
 C = Vault XP percentage of total XP
 D = Non-vault monster count
 E = Vault monster count
 F = Vault count percentage of total count
                 A         B        C        D         E       F
            +---------+---------+-------+---------+---------+-------
      Total |   17199 |    3207 |  15.7 |     203 |      31 |  13.2
            +---------+---------+-------+---------+---------+-------
        D:1 |      36 |       0 |   0.0 |      22 |       0 |   0.0
        D:2 |      28 |      33 |  54.1 |       7 |      10 |  58.8
        D:3 |       2 |       0 |   0.0 |       1 |       0 |   0.0
        D:4 |     470 |       0 |   0.0 |      21 |       0 |   0.0
        D:5 |     293 |     129 |  30.6 |      11 |       5 |  31.2
        D:6 |     786 |       0 |   0.0 |      20 |       0 |   0.0
        D:7 |    1330 |    1474 |  52.6 |      16 |       2 |  11.1
        D:8 |    2462 |     389 |  13.6 |      18 |       1 |   5.3
        D:9 |    2206 |     121 |   5.2 |      28 |       1 |   3.4
       D:10 |    2359 |       0 |   0.0 |      19 |       0 |   0.0
       D:11 |    3080 |     804 |  20.7 |      20 |       1 |   4.8
     Lair:1 |    1161 |       0 |   0.0 |       7 |       0 |   0.0
     Lair:2 |    2986 |       0 |   0.0 |      13 |       0 |   0.0
    Ossuary |       0 |     257 | 100.0 |       0 |      11 | 100.0
            +---------+---------+-------+---------+---------+-------
